Map: Frost LE

Players

뉴비

  • Race: Terran Terran
  • League: Diamond

Florencio - Winner!

  • Race: Protoss Protoss
  • League: Diamond

VOD

Have the link to the VOD?

Description

Time

  • Played on: Aug. 21, 2016, 4:50 p.m.
  • Length: 14:13
Show
View Real Time Build Order
Export as new Build Order

뉴비 Terran 

Build Orders: Reaper Expand, MMM Bio 

Get SALT Encoding   

  12  0:01  SCV  
  13  0:13  SCV  
  14  0:17  Supply Depot  
  14  0:25  SCV  
  15  0:38  SCV  
  15  0:41  Barracks  
  16  0:46  Refinery  
  16  0:51  SCV  
  17  1:03  SCV  
  18  1:15  SCV  
  19  1:28  Orbital Command  
  19  1:31  Reaper  
  20  1:43  Command Center  
  20  1:55  Supply Depot, SCV  
  21  2:06  Barracks Reactor  
  21  2:07  SCV, Refinery  
  22  2:19  SCV  
  23  2:23  Factory  
  23  2:31  SCV  
  24  2:42  Marine x2  
  24  2:43  SCV  
  27  2:49  Engineering Bay  
  27  2:56  Orbital Command  
  27  2:59  SCV  
  27  3:01  Marine x2  
  30  3:09  Starport, Widow Mine  
  32  3:19  SCV  
  32  3:22  SCV  
  32  3:24  Marine x2  
  35  3:37  Widow Mine  
  35  3:40  Engineering Bay  
  37  3:41  Engineering Bay  
  37  3:43  Marine x2  
  39  3:51  Starport Reactor  
  39  3:54  SCV x2  
  41  4:00  Supply Depot  
  41  4:09  Barracks  
  41  4:10  Terran Infantry Armor Level 1, Terran Infantry Weapons Level 1  
  41  4:12  Barracks  
  41  4:20  Widow Mine  
  41  4:22  Barracks Tech Lab  
  42  4:35  Supply Depot  
  42  4:39  Medivac x2  
  42  4:43  SCV x2  
  48  4:48  Refinery  
  48  4:52  Stimpack  
  48  4:55  SCV x2  
  50  5:00  Barracks Reactor  
  50  5:05  Refinery  
  50  5:06  Supply Depot  
  51  5:07  SCV x2  
  51  5:13  Barracks Tech Lab  
  52  5:19  Barracks  
  52  5:21  SCV  
  53  5:24  Barracks, SCV  
  56  5:28  Marauder  
  56  5:33  SCV  
  56  5:35  Combat Shields  
  57  5:36  SCV  
  57  5:41  Supply Depot  
  58  5:50  Missile Turret  
  58  5:55  Missile Turret  
  58  5:59  Marine x2, Marauder x2  
  58  6:04  Medivac x2  
  68  6:12  Barracks Tech Lab  
  68  6:17  SCV x2  
  70  6:20  Supply Depot  
  70  6:24  Marine x4, Marauder x2  
  78  6:31  Armory  
  78  6:32  Concussive Shells  
  78  6:42  Marauder  
  80  6:50  Supply Depot x2, SCV  
  80  6:51  SCV, Marauder  
  84  7:03  SCV x2  
  86  7:11  Marine x3, Marauder  
  86  7:12  Supply Depot  
  86  7:14  Supply Depot  
  91  7:17  Marauder  
  91  7:20  SCV x2  
  95  7:30  Viking  
  81  7:48  Marine x3, Marauder x2  
  81  7:49  Marine, Marauder  
  81  7:50  Viking  
  91  8:11  Command Center  
  91  8:14  Terran Infantry Weapons Level 2  
  91  8:17  Viking  
  93  8:21  Viking  
  95  8:28  Terran Infantry Armor Level 2  
  93  8:42  Starport  
  93  8:50  Viking  
  93  8:51  Viking  
  93  8:53  Marauder x2  
  101  8:56  Marauder  
  103  9:03  Barracks Tech Lab  
  103  9:07  Terran Ship Weapons Level 1  
  103  9:14  SCV x2  
  103  9:15  Supply Depot  
  105  9:22  Viking x2  
  109  10:01  Viking x4  
  117  10:09  Marine, Marauder  
  117  10:10  Marine x2, Marauder x2  
  117  10:13  Ghost Academy  
  126  10:20  SCV x2  
  128  10:22  Orbital Command  
  128  10:24  Barracks x2  
  128  10:32  SCV  
  128  10:34  Terran Infantry Weapons Level 3  
  129  10:38  SCV  
  130  10:44  SCV  
  131  10:50  Viking x2  
  131  10:51  Viking  
  131  10:56  SCV x2  
  131  10:57  SCV  
  134  11:24  Viking x3  
  140  11:35  Supply Depot  
  140  11:38  Supply Depot  
  140  11:44  SCV  
  141  11:56  SCV x2, Marauder x3  
  141  11:58  Marauder, SCV, Viking  
  86  12:08  SCV  
  86  12:10  SCV  
Show
View Real Time Build Order
Export as new Build Order

Florencio Protoss - Winner!

Build Orders: Colossus Rush 

Get SALT Encoding   

  12  0:01  Probe (Chrono Boost)  
  13  0:12  Probe (Chrono Boost)  
  14  0:22  Probe (Chrono Boost)  
  14  0:23  Pylon  
  15  0:41  Probe (Chrono Boost)  
  16  0:43  Gateway  
  16  0:52  Probe (Chrono Boost)  
  17  1:03  Probe (Chrono Boost)  
  18  1:12  Assimilator  
  18  1:13  Probe (Chrono Boost)  
  18  1:16  Assimilator  
  19  1:24  Probe (Chrono Boost)  
  20  1:27  Pylon  
  20  1:34  Cybernetics Core  
  20  1:39  Probe (Chrono Boost)  
  21  1:49  Probe (Chrono Boost)  
  21  1:50  Pylon  
  22  2:00  Probe (Chrono Boost)  
  23  2:16  Mothership Core (Chrono Boost)  
  25  2:26  Nexus  
  25  2:34  Probe (Chrono Boost)  
  26  2:44  Sentry  
  28  2:54  Pylon  
  28  3:07  Pylon  
  28  3:08  Robotics Facility  
  30  3:23  Stalker  
  30  3:28  Probe (Chrono Boost)  
  31  3:36  Warp Gate  
  31  3:37  Pylon  
  31  3:39  Probe (Chrono Boost)  
  32  3:48  Gateway x2  
  32  3:51  Gateway  
  32  4:05  Observer  
  33  4:15  Probe (Chrono Boost), Robotics Bay  
  34  4:19  Probe (Chrono Boost)  
  35  4:26  Probe (Chrono Boost)  
  35  4:30  Probe (Chrono Boost)  
  37  4:36  Probe (Chrono Boost)  
  38  4:41  Probe (Chrono Boost)  
  38  4:44  Assimilator  
  39  4:46  Assimilator  
  39  4:47  Probe (Chrono Boost)  
  41  4:53  Probe (Chrono Boost)  
  41  4:55  Colossus  
  41  5:05  Probe (Chrono Boost)  
  48  5:15  Pylon  
  48  5:20  Probe (Chrono Boost)  
  50  5:22  Probe (Chrono Boost), Forge  
  50  5:32  Pylon  
  51  5:35  Probe (Chrono Boost)  
  51  5:41  Colossus  
  51  5:46  Probe (Chrono Boost)  
  58  5:57  Probe (Chrono Boost)  
  59  6:01  Probe (Chrono Boost)  
  59  6:03  Photon Cannon  
  60  6:04  Photon Cannon  
  60  6:07  Photon Cannon, Probe (Chrono Boost)  
  60  6:10  Photon Cannon  
  62  6:12  Photon Cannon  
  62  6:13  Probe (Chrono Boost)  
  63  6:18  Probe (Chrono Boost)  
  63  6:25  Probe (Chrono Boost)  
  64  6:28  Colossus  
  64  6:29  Probe (Chrono Boost)  
  71  6:44  Stalker x4  
  78  6:56  Nexus  
  78  7:07  Pylon  
  78  7:08  Pylon x2  
  78  7:16  Stalker x2  
  78  7:18  Pylon  
  80  7:50  Stalker x2  
  80  7:51  Stalker x2  
  90  7:58  Probe (Chrono Boost)  
  90  7:59  Observer  
  90  8:00  Probe (Chrono Boost)  
  91  8:09  Probe (Chrono Boost)  
  91  8:12  Probe (Chrono Boost)  
  93  8:14  Pylon  
  93  8:19  Probe (Chrono Boost)  
  94  8:22  Twilight Council  
  94  8:25  Pylon  
  94  8:30  Extended Thermal Lance  
  94  8:53  Pylon  
  94  8:58  Gateway  
  94  8:59  Gateway, Probe (Chrono Boost)  
  94  9:02  Gateway, Assimilator  
  95  9:06  Pylon, Assimilator  
  95  9:21  Templar Archives  
  95  9:27  Pylon  
  95  9:33  Pylon  
  95  9:37  Pylon  
  95  9:38  Pylon  
  95  9:40  Pylon  
  95  9:46  Pylon  
  94  10:08  Psionic Storm, High Templar x4  
  94  10:09  High Templar x3  
  108  10:23  Pylon  
  108  10:25  Pylon  
  108  10:30  Nexus  
  108  10:34  Observer  
  108  10:37  Pylon  
  109  10:44  Adept x4  
  109  10:46  Adept  
  119  10:58  Pylon  
  115  11:22  Stalker, High Templar  
  115  11:23  Stalker x5  
  123  11:37  Probe (Chrono Boost)  
  123  11:39  Probe (Chrono Boost)  
  125  11:47  Stalker x4  
  125  11:48  Stalker x2  
  105  12:15  Stalker x5  
  109  12:16  Stalker x2  
  109  12:21  Stargate x2  
  115  12:23  Stargate  
  115  12:24  Pylon  
  115  13:06  High Templar x3  
  115  13:07  High Templar x3  
  119  13:30  Void Ray  
  115  13:57  High Templar x2  
Tags
 
Add a new tag
Caveats
  • Supply blocks, unpowered buildings, or Contaminate may cause inaccurate times.
  • Supply counts are checked every 10 seconds.